 Dungeon Sprint DCSS version 0.22-a0-830-gf552829 (webtiles) character file.

137 Dancorps13 the Insei (level 5, -1/42 HPs)
             Began as a Gnoll Transmuter on July 24, 2018.
             Was an Initiate of Sif Muna.
             Slain by a bullfrog (4 damage)
             ... in the Dungeon (Sprint IX: "|||||||||||||||||||||||||||||").
             The game lasted 00:06:30 (381 turns).

Dancorps13 the Insei (Gnoll Transmuter)              Turns: 381, Time: 00:06:30

Health: -1/42      AC:  4    Str: 13    XL:     5   Next: 20%
Magic:  9/13       EV: 25    Int: 18    God:    Sif Muna [......]
Gold:   0          SH:  0    Dex: 21    Spells: 12/16 levels left

rFire    . . .     SeeInvis .     - Unarmed
rCold    . . .     Gourm    .   (shield currently unavailable)
rNeg     . . .     Faith    .   (armour currently unavailable)
rPois    x         Spirit   .   (helmet currently unavailable)
rElec    .         Reflect  .   (cloak currently unavailable)
rCorr    .         Harm     .   (gloves currently unavailable)
MR       .....     NoTele   +   (boots currently unavailable)
Stlth    +++.......             (no amulet)
HPRegen  0.14/turn              r - +3 ring of intelligence
MPRegen  0.13/turn              s - +2 ring of protection

@: spider-form
A: tiny, distributed training, strong nose
a: End Transformation, Renounce Religion


You were in the Dungeon.
You worshipped Sif Muna.
Sif Muna was noncommittal.
You were not hungry.
You were a venomous arachnid creature.
You visited 1 branch

Inventory:

Hand Weapons
 o - a +2 scimitar of holy wrath
Missiles
 a - 12 arrows
Armour
 b - a +0 robe (melded)
 p - a +0 pair of boots (melded)
 q - a +0 cloak (melded)
Magical Staves
 n - an uncursed staff of energy (melded)
Jewellery
 r - a +3 ring of intelligence (left front leg)
 s - a +2 ring of protection (right front leg)
Wands
 m - a wand of acid (10)
Scrolls
 j - 2 scrolls of blinking
 k - 3 scrolls of remove curse
 l - 2 scrolls of amnesia
Potions
 c - a potion of invisibility
 e - 5 potions of curing
 f - 3 potions of heal wounds
 g - a potion of haste
 h - 4 potions of magic
 i - a potion of berserk rage
Comestibles
 d - a ration


   Skills:
 + Level 4.2 Fighting
 + Level 3.2 Short Blades
 + Level 3.2 Long Blades
 + Level 3.2 Axes
 + Level 3.2 Maces & Flails
 + Level 3.2 Polearms
 + Level 3.2 Staves
 + Level 3.2 Slings
 + Level 3.2 Bows
 + Level 3.2 Crossbows
 + Level 3.2 Throwing
 + Level 3.2 Armour
 + Level 5.6 Dodging
 + Level 3.2 Stealth
 + Level 3.2 Shields
 + Level 7.3 Unarmed Combat
 + Level 6.0 Spellcasting
 + Level 2.6 Conjurations
 + Level 2.6 Hexes
 + Level 2.6 Charms
 + Level 2.6 Summonings
 + Level 2.6 Necromancy
 + Level 2.6 Translocations
 + Level 4.7 Transmutations
 + Level 2.6 Fire Magic
 + Level 2.6 Ice Magic
 + Level 2.6 Air Magic
 + Level 2.6 Earth Magic
 + Level 2.6 Poison Magic
 + Level 3.5 Invocations
 + Level 3.2 Evocations


You had 12 spell levels left.
You knew the following spells:

 Your Spells              Type           Power        Failure   Level  Hunger
a - Beastly Appendage     Tmut           ###...       8%          1    None
b - Spider Form           Tmut/Pois      ###.......   21%         3    ##.....

Your spell library contained the following spells:

 Spells                   Type           Power        Failure   Level  Hunger
 Blade Hands              Tmut           ###.......   65%         5    #####..
 Ice Form                 Ice/Tmut       ###.....     47%         4    ####...
 Sticks to Snakes         Tmut           ###.....     10%         2    None


Dungeon Overview and Level Annotations

Branches:
Dungeon (1/1)

Altars:
Cheibriados
Dithmenos
Elyvilon
Fedhas
Gozag
Hepliaklqana
Kikubaaqudgha
Makhleb
Nemelex Xobeh
Okawaru
Qazlal
Ru
Sif Muna
Trog
Uskayaw
Vehumet
Wu Jian
Xom
Yredelemnul
Zin
The Shining One
Beogh
Jiyva
Lugonu


Innate Abilities, Weirdness & Mutations

Your experience applies equally to all skills.
((You have very sharp teeth.))
Your uncanny sense of smell can sniff out nearby items.


Message History

Your Summonings skill increases to level 2!
Your Necromancy skill increases to level 2!
Your Translocations skill increases to level 2!
Your Fire Magic skill increases to level 2!
Your Ice Magic skill increases to level 2!
Your Air Magic skill increases to level 2!
Your Earth Magic skill increases to level 2!
Your Poison Magic skill increases to level 2!
Your Invocations skill increases to level 3!
Your Evocations skill increases to level 3!
You have reached level 4!
You feel agile.
You have reached level 5!
You barely miss the bullfrog. The bullfrog closely misses you.
The bullfrog barely misses you.
You completely miss the bullfrog. The bullfrog completely misses you.
You hit the bullfrog.
The bullfrog is poisoned.
The bullfrog is moderately wounded.
The bullfrog hits you.
You die...

▓.▓
▓.▓
▓.▓
▓)▓
▓.▓
▓.▓
▓[▓
▓.▓
▓s▓
∆
▓F▓
∆
▓5▓
∆
▓S▓
∆
▓Z▓
▓Z▓
∆
▓.▓
▓.▓
∆


You could see a bullfrog, an adder, a shadow imp, a bat zombie and a giant
cockroach zombie.

Vanquished Creatures
  An ogre (D)
  A crimson imp (D)
  An adder skeleton (D)
  A worm (D)
  An orc (D)
  2 bats (D)
  A goblin (D)
  2 hobgoblins (D)
  A jackal zombie (D)
11 creatures vanquished.

Notes
Turn   | Place    | Note
-------+----------+-------------------------------------------
     0 | D        | Dancorps13 the Gnoll Transmuter began the quest for the Orb.
     0 | D        | Reached XP level 1. HP: 17/17 MP: 6/6
    27 | D        | Reached skill level 5 in Spellcasting
    28 | D        | Reached skill level 1 in Invocations
    30 | D        | Reached skill level 1 in Short Blades
    30 | D        | Reached skill level 1 in Long Blades
    30 | D        | Reached skill level 1 in Axes
    30 | D        | Reached skill level 1 in Maces & Flails
    30 | D        | Reached skill level 1 in Polearms
    30 | D        | Reached skill level 1 in Staves
    30 | D        | Reached skill level 1 in Slings
    30 | D        | Reached skill level 1 in Bows
    30 | D        | Reached skill level 1 in Crossbows
    30 | D        | Reached skill level 1 in Throwing
    30 | D        | Reached skill level 1 in Armour
    30 | D        | Reached skill level 1 in Stealth
    30 | D        | Reached skill level 1 in Shields
    30 | D        | Reached skill level 1 in Evocations
    30 | D        | Reached XP level 2. HP: 11/23 MP: 8/8
    36 | D        | Noticed a crimson imp
    40 | D        | Reached skill level 1 in Conjurations
    40 | D        | Reached skill level 1 in Hexes
    40 | D        | Reached skill level 1 in Charms
    40 | D        | Reached skill level 1 in Summonings
    40 | D        | Reached skill level 1 in Necromancy
    40 | D        | Reached skill level 1 in Translocations
    40 | D        | Reached skill level 1 in Fire Magic
    40 | D        | Reached skill level 1 in Ice Magic
    40 | D        | Reached skill level 1 in Air Magic
    40 | D        | Reached skill level 1 in Earth Magic
    40 | D        | Reached skill level 1 in Poison Magic
    68 | D        | Killed a crimson imp
    68 | D        | Reached skill level 5 in Dodging
    68 | D        | Reached XP level 3. HP: 8/29 MP: 10/10
   300 | D        | Learned a level 3 spell: Spider Form
   309 | D        | Found a roughly hewn altar of Beogh.
   309 | D        | Found a snail-covered altar of Cheibriados.
   309 | D        | Found a shadowy altar of Dithmenos.
   309 | D        | Found a white marble altar of Elyvilon.
   309 | D        | Found a blossoming altar of Fedhas.
   309 | D        | Found an opulent altar of Gozag.
   310 | D        | Found a hazy altar of Hepliaklqana.
   311 | D        | Found a viscous altar of Jiyva.
   312 | D        | Found an ancient bone altar of Kikubaaqudgha.
   313 | D        | Found a corrupted altar of Lugonu.
   314 | D        | Found a burning altar of Makhleb.
   315 | D        | Found a sparkling altar of Nemelex Xobeh.
   316 | D        | Found an iron altar of Okawaru.
   318 | D        | Found a stormy altar of Qazlal.
   319 | D        | Found a sacrificial altar of Ru.
   320 | D        | Found a deep blue altar of Sif Muna.
   321 | D        | Found a bloodstained altar of Trog.
   322 | D        | Found a hide-covered altar of Uskayaw.
   323 | D        | Found a radiant altar of Vehumet.
   324 | D        | Found an ornate altar of the Wu Jian Council.
   325 | D        | Found a shimmering altar of Xom.
   326 | D        | Found a basalt altar of Yredelemnul.
   327 | D        | Found a glowing silver altar of Zin.
   328 | D        | Became a worshipper of Sif Muna the Loreminder
   329 | D        | Found a glowing golden altar of the Shining One.
   370 | D        | Noticed an ogre
   370 | D        | Noticed a bullfrog
   374 | D        | HP: 1/29 [ogre/giant spiked club (28)]
   378 | D        | Killed an ogre
   378 | D        | Reached skill level 7 in Unarmed Combat
   378 | D        | Reached XP level 4. HP: 2/37 MP: 8/12
   378 | D        | Reached XP level 5. HP: 3/42 MP: 8/13
   381 | D        | Slain by a bullfrog

Vault maps used:
D:        linesprint

Skill      XL: |  1  2  3 |
---------------+----------+-----
Spellcasting   | 5 6 |  6.0
Invocations    | 1 2 3 |  3.5
Short Blades   | 1 2 3 |  3.2
Long Blades    | 1 2 3 |  3.2
Axes           | 1 2 3 |  3.2
Maces & Flails | 1 2 3 |  3.2
Polearms       | 1 2 3 |  3.2
Staves         | 1 2 3 |  3.2
Slings         | 1 2 3 |  3.2
Bows           | 1 2 3 |  3.2
Crossbows      | 1 2 3 |  3.2
Throwing       | 1 2 3 |  3.2
Armour         | 1 2 3 |  3.2
Stealth        | 1 2 3 |  3.2
Shields        | 1 2 3 |  3.2
Evocations     | 1 2 3 |  3.2
Conjurations   | 1 2 |  2.6
Hexes          | 1 2 |  2.6
Charms         | 1 2 |  2.6
Summonings     | 1 2 |  2.6
Necromancy     | 1 2 |  2.6
Translocations | 1 2 |  2.6
Fire Magic     | 1 2 |  2.6
Ice Magic      | 1 2 |  2.6
Air Magic      | 1 2 |  2.6
Earth Magic    | 1 2 |  2.6
Poison Magic   | 1 2 |  2.6
Fighting       | 3 4 |  4.2
Dodging        | 5 |  5.6
Transmutations | 4 |  4.7
Unarmed Combat | 7 |  7.3

Action                   |  1- 3 |  4- 6 || total
-------------------------+-------+-------++-------
Melee: Unarmed           |    55 |     3 ||    58
       Punch             |     4 |       ||     4
       Bite              |     4 |       ||     4
       Kick              |    11 |       ||    11
 Cast: Beastly Appendage |     2 |       ||     2
       Spider Form       |     1 |       ||     1
Armor: Robe              |     6 |       ||     6
Dodge: Dodged            |    39 |     3 ||    42

Table legend:
 A = Spawn XP
 B = Non-spawn XP
 C = Spawn XP percentage of total XP
 D = Spawn monster count
 E = Non-spawn monster count
 F = Spawn count percentage of total count
 G = Total turns spent on level
                    A         B        C        D         E        F      G
               +---------+---------+-------+---------+---------+-------+---------
         Total |       0 |     196 |   0.0 |       0 |      11 |   0.0 |   381
               +---------+---------+-------+---------+---------+-------+---------
             D |       0 |     196 |   0.0 |       0 |      11 |   0.0 |   381
               +---------+---------+-------+---------+---------+-------+---------
